 Dungeon Crawl Stone Soup version 0.25.0-26-g0c896c7088 (webtiles) character file.

Game seed: 4560694676401442911

187 protoss039 the Grasshopper (level 5, -2/26 HPs)
             Began as a Spriggan Warper on July 5, 2020.
             Was a Follower of Ashenzari.
             Slain by a gnoll
             ... wielding a +0 flail
              (13 damage)
             ... on level 4 of the Dungeon.
             The game lasted 00:18:21 (6271 turns).

protoss039 the Grasshopper (Spriggan Warper)        Turns: 6271, Time: 00:18:22

Health: -2/26      AC:  3    Str:  7    XL:     5   Next: 39%
Magic:  6/11       EV: 21    Int: 15    God:    Ashenzari [*.....]
Gold:   286        SH:  0    Dex: 22    Spells: 3/10 levels left

rFire    . . .     SeeInvis +   a - +0 short sword (curse)
rCold    . . .     Gourm    .   (shield restricted)
rNeg     . . .     Faith    .   b - +0 robe (curse)
rPois    .         Spirit   .   (helmet restricted)
rElec    .         Reflect  .   z - +0 cloak
rCorr    .         Harm     .   (gloves unavailable)
MR       .....                  (boots unavailable)
Stlth    +++.......             (no amulet)
HPRegen  0.08/turn              v - +6 ring of dexterity
MPRegen  0.12/turn              (no ring)

@: shrouded, very quick
A: very small, unfitting armour, see invisible, herbivore, speed 3, slow
metabolism 2
a: Curse Item, Scrying, Renounce Religion


You were on level 4 of the Dungeon.
You worshipped Ashenzari.
Ashenzari was aware of your devotion.
You were not hungry.

You visited 1 branch of the dungeon, and saw 4 of its levels.

You collected 286 gold pieces.

Inventory:

Hand Weapons
 a - a cursed +0 short sword (weapon)
Missiles
 n - 3 boomerangs (quivered)
Armour
 b - a cursed +0 robe (worn)
 z - a +0 cloak (worn)
Jewellery
 e - an uncursed ring of flight
 h - an uncursed ring of fire
 i - an uncursed ring of ice
 v - a +6 ring of dexterity (left hand)
Wands
 y - a wand of clouds (3)
Scrolls
 c - 7 scrolls of identify {unknown}
 d - a scroll of blinking
 j - 4 scrolls of teleportation {unknown}
 k - 2 scrolls of amnesia {unknown}
 m - 2 scrolls of noise {unknown}
 o - a scroll of remove curse
 p - a scroll of enchant weapon {unknown}
 q - a scroll of enchant armour {unknown}
Potions
 g - 2 potions of haste {unknown}
 l - a potion of might {unknown}
 r - a potion of degeneration {unknown}
 s - 2 potions of brilliance {unknown}
 t - 2 potions of heal wounds
 u - a potion of cancellation {unknown}
 w - a potion of mutation {unknown}
 x - a potion of lignification {unknown}
Comestibles
 f - 4 rations


   Skills:
 + Level 2.0 Fighting
 + Level 4.4 Short Blades
 + Level 1.5 Throwing
 + Level 4.5 Dodging
 + Level 2.3 Stealth
 + Level 3.4 Spellcasting
 + Level 0.3 Charms
 + Level 4.6 Translocations


You had 3 spell levels left.
You knew the following spells:

 Your Spells              Type           Power        Failure   Level  Hunger
a - Blink                 Tloc           N/A          4%          2    ##.....
b - Shroud of Golubria    Chrm/Tloc      #.....       11%         2    ##.....
c - Gell's Gravitas       Tloc           ###.......   9%          3    ###....

Your spell library contained the following spells:

 Spells                   Type           Power        Failure   Level  Hunger
 Lesser Beckoning         Tloc           ###.......   9%          3    ###....
 Teleport Other           Tloc           ###.....     9%          3    ###....
 Passage of Golubria      Tloc           N/A          28%         4    ####...


Dungeon Overview and Level Annotations

Branches:
Dungeon (4/15)
 Temple: D:4-7

Altars:
Ashenzari
Cheibriados
Kikubaaqudgha
Beogh

Annotations:
D:2 Crazy Yiuf
D:3 Graouh's ghost, amateur HuFi


Innate Abilities, Weirdness & Mutations

You are very small and have problems with some larger weapons.
You are too small for most types of armour.
You have supernaturally acute eyesight. (SInv)
You are a herbivore.
You cover ground extremely quickly.
You need to consume almost no food.


Message History

Unknown command.
Casting: Shroud of Golubria (safe; 11% risk of failure)
Confirm with . or Enter, or press ? or * to list all spells.
The spell is quite dangerous to cast (9% risk of failure)!
Continue anyway?
Aiming: Gell's Gravitas (quite dangerous; 9% risk of failure)
Press: ? - help, Dir - move target cursor, f - gnoll shaman
Aim: a gnoll shaman, wielding a +0 club and wearing a cursed +0 robe Gravity reorients around the gnoll shaman.
The gnoll hits you with a +0 flail!
Unknown command.
Unknown command.
The gnoll shouts!
You hit the gnoll but do no damage. The gnoll closely misses you.
Unknown command.
Unknown command.
You hit the gnoll.
The gnoll is lightly wounded.
The gnoll hits you with a +0 flail!
Ouch! That really hurt!
You die...

..# .#......#####....#### #
...## ........#####....#..# ..
....###.........#........#
..##...##..g.g.....##..#..##
###..............#..##.....#
#.....^......##..######....##
###.....!......g[##...###...##
......)...?.....g#.8.8.#.....#
...............@)'...._#.....#
.##.............##.8.8.#.....#
#####..........##...##.....##
#...........#####.......#
............#...........##
...###....#..##....(.....###
..# ##..##..#........#....#
#..##........<..#...##
##...#...............##


You could see a gnoll shaman and 2 gnolls.

Vanquished Creatures
  3 gnolls (D:4)
  4 adders
  A shadow imp (D:4)
  2 oozes
  3 worms (D:2)
  8 dart slugs
  2 leopard geckos
  5 orcs
  4 bats
  A bat zombie (D:2)
  2 giant cockroaches
  3 goblins
  8 hobgoblins
  4 jackals (D:2)
  2 quokkas
  A ball python (D:2)
  3 frilled lizards
  12 kobolds
  6 rats
  A rat zombie (D:2)
75 creatures vanquished.

Vanquished Creatures (others)
  A rat (D:2)
1 creature vanquished.

Grand Total: 76 creatures vanquished

Notes
Turn   | Place    | Note
-------+----------+-------------------------------------------
     0 | D:1      | protoss039 the Spriggan Warper began the quest for the Orb.
     0 | D:1      | Reached XP level 1. HP: 10/10 MP: 5/5
   432 | D:1      | Reached XP level 2. HP: 15/15 MP: 7/7
  1272 | D:1      | Learned a level 2 spell: Blink
  1290 | D:2      | Found a runed translucent door.
  1291 | D:2      | Noticed Crazy Yiuf
  1482 | D:2      | Found an ancient bone altar of Kikubaaqudgha.
  1693 | D:2      | Reached skill level 1 in Stealth
  1693 | D:2      | Reached XP level 3. HP: 14/18 MP: 8/8
  2434 | D:2      | Found a shattered altar of Ashenzari.
  2511 | D:2      | Became a worshipper of Ashenzari the Shackled
  3499 | D:3      | Reached XP level 4. HP: 23/23 MP: 9/9
  3986 | D:3      | Noticed Graouh's ghost (amateur HuFi)
  4017 | D:3      | Found a transporter.
  4442 | D:3      | Found a transporter.
  4758 | D:3      | Learned a level 2 spell: Shroud of Golubria
  5372 | D:4      | Reached XP level 5. HP: 26/26 MP: 7/10
  5377 | D:4      | Learned a level 3 spell: Gell's Gravitas
  5429 | D:4      | Found a snail-covered altar of Cheibriados.
  5799 | D:4      | Reached * piety under Ashenzari
  5806 | D:4      | Found a roughly hewn altar of Beogh.
  6271 | D:4      | Slain by a gnoll

Illustrated notes

Levels and vault maps discovered:
D:1:      minmay_arrival_four_loops, layout_basic
D:2:      layout_loops_ring, marbit_many_paths,
          lemuel_zombie_altar_kikubaaqudgha, grunt_decor_mini_mirrors,
          uniq_crazy_yiuf_cottage
D:3:      layout_basic, gammafunk_ghost_stat_death, first_ration
D:4:      layout_cave_pools, cheibriados_altar_1, lemuel_crystal_altar,
          serial_shops, nicolae_shop_waterfront, kennysheep_orc_chapel

Skill      XL: |  1  2  3  4 |
---------------+-------------+-----
Spellcasting   | 3 |  3.4
Dodging        | 4 |  4.5
Short Blades   | 3 4 |  4.4
Stealth        | 1 2 |  2.3
Fighting       | 2 |  2.0
Throwing       | |  1.5
Charms         | |  0.3
Translocations | |  4.6

Action                   |  1- 3 |  4- 6 || total
-------------------------+-------+-------++-------
Melee: Short sword       |   194 |   213 ||   407
Throw: Boomerang         |     6 |    24 ||    30
 Cast: Blink             |     2 |     1 ||     3
       Shroud of Golubri |       |    10 ||    10
       Gell's Gravitas   |       |     1 ||     1
Invok: Curse Item        |     2 |       ||     2
 Stab: Sleeping          |     6 |     2 ||     8
  Eat: Ration            |       |     2 ||     2
Armor: Robe              |    16 |    10 ||    26
Dodge: Dodged            |   136 |   167 ||   303
